[Event "DVM U10 2024"]
[Site "Duesseldorf"]
[Date "2024.12.27"]
[Round "2"]
[White "Kolesnikoff, Christophe"]
[Black "Gerhardt, Noah"]
[Result "1/2-1/2"]
[ECO "C46"]
[WhiteElo "980"]
[BlackElo "1140"]
[Annotator "NA RC"]
[PlyCount "60"]
[EventDate "2024.12.23"]
[EventType "team-tourn"]
[EventRounds "7"]
[EventCountry "GER"]
[SourceTitle "playchess.com"]
[Source "ChessBase"]
[SourceQuality "1"]
[TimeControl "3300+5"]

1. e4 e5 2. Nf3 Nc6 3. Nc3 Bc5 4. Nxe5 Nxe5 5. d4 Bd6 6. dxe5 Bxe5 7. Bc4 Nf6 8. Bg5 h6 9. Bh4 O-O 10. Nd5 Bxb2 11. Nxf6+ Bxf6 12. Bxf6 Qxf6 13. Rb1 Qc3+ 14. Qd2 Qxc4 15. Rb4 Qxa2 16. O-O Qe6 17. Qf4 d6 18. Re1 b6 19. e5 Bb7 20. Rb3 Qg6 21. Rg3 dxe5 22. Qxe5 Qh7 23. f4 g6 24. h4 Qg7 25. Qxg7+ Kxg7 26. f5 Kh7 27. fxg6+ fxg6 28. Re7+ Kh8 29. Rxg6 Rac8 30. Rxh6+ Kg8 1/2-1/2

[Event "DVM U10 2024"]
[Site "Duesseldorf"]
[Date "2024.12.27"]
[Round "2"]
[White "Grabein, Clemens"]
[Black "Tschötsch, Hugo"]
[Result "0-1"]
[ECO "B50"]
[WhiteElo "958"]
[BlackElo "1110"]
[Annotator "NA RC"]
[PlyCount "31"]
[EventDate "2024.12.23"]
[EventType "team-tourn"]
[EventRounds "7"]
[EventCountry "GER"]
[SourceTitle "playchess.com"]
[Source "ChessBase"]
[SourceQuality "1"]
[TimeControl "3300+5"]

1. e4 c5 2. Nc3 e6 3. Nf3 d6 4. Bb5+ Nd7 5. d3 a6 6. Ba4 b5 7. Bb3 Ngf6 8. a3 Be7 9. O-O O-O 10. Bg5 Bb7 11. Bf4 Rc8 12. Bg5 h6 13. Bh4 d5 14. Bxf6 Nxf6 15. e5 Nd7 16. Qe1 0-1

[Event "DVM U10 2024"]
[Site "Duesseldorf"]
[Date "2024.12.27"]
[Round "2"]
[White "Krupp, Jonathan"]
[Black "Hu, Yinuo"]
[Result "0-1"]
[ECO "D37"]
[WhiteElo "941"]
[BlackElo "1495"]
[Annotator "NA RC"]
[PlyCount "112"]
[EventDate "2024.12.23"]
[EventType "team-tourn"]
[EventRounds "7"]
[EventCountry "GER"]
[SourceTitle "playchess.com"]
[Source "ChessBase"]
[SourceQuality "1"]
[TimeControl "3300+5"]

1. d4 d5 2. c4 e6 3. Nc3 Nf6 4. Nf3 Be7 5. Bf4 Nbd7 6. e3 O-O 7. cxd5 exd5 8. Bd3 b6 9. O-O Bb7 10. Bg5 c5 11. Ne5 Ne8 12. Qh5 h6 13. Nxd7 Qxd7 14. Bf4 Nf6 15. Qh4 Ne4 16. Qh5 Nf6 17. Qf3 c4 18. Bc2 Bd6 19. Bg3 Bxg3 20. fxg3 Qg4 21. Qf2 Rfe8 22. h3 Qe6 23. Qf4 Qxe3+ 24. Qxe3 Rxe3 25. Kf2 Re7 26. Nb5 Ba6 27. Nd6 Re6 28. Nf5 c3 29. Rab1 Bxf1 30. Kxf1 cxb2 31. Rxb2 Rc8 32. g4 Ne4 33. Ba4 Rc1+ 34. Ke2 Nc5+ 35. Kd2 Nxa4 36. Kxc1 Nxb2 37. Kxb2 a5 38. Kb3 b5 39. a4 b4 40. g3 Re4 41. Kb2 Kh7 42. Kc2 g6 43. Nd6 Rxd4 44. Nxf7 Rc4+ 45. Kb3 Rc3+ 46. Kb2 d4 47. Ne5 d3 48. Nf3 Kg7 49. h4 Kf6 50. g5+ hxg5 51. hxg5+ Kf5 52. Nh4+ Kxg5 53. Nf3+ Kg4 54. Ne5+ Kxg3 55. Nxg6 d2 56. Ne5 d1=Q 0-1

[Event "DVM U10 2024"]
[Site "Duesseldorf"]
[Date "2024.12.27"]
[Round "2"]
[White "Seitov, Adela"]
[Black "Sandal, Ilyas"]
[Result "0-1"]
[ECO "C50"]
[WhiteElo "911"]
[BlackElo "943"]
[Annotator "NA RC"]
[PlyCount "72"]
[EventDate "2024.12.23"]
[EventType "team-tourn"]
[EventRounds "7"]
[EventCountry "GER"]
[SourceTitle "playchess.com"]
[Source "ChessBase"]
[SourceQuality "1"]
[TimeControl "3300+5"]

1. e4 e5 2. Nf3 Nc6 3. Bc4 Bc5 4. Nc3 Nf6 5. d3 h6 6. Be3 Bb6 7. a4 a5 8. Bxb6 cxb6 9. Bb5 d6 10. d4 O-O 11. d5 Ne7 12. Nh4 Bd7 13. Bd3 Rc8 14. Nf5 Bxf5 15. exf5 Nexd5 16. Nxd5 Nxd5 17. Qe2 Nf4 18. Qe4 Nxd3+ 19. Qxd3 Re8 20. O-O e4 21. Qd5 Rxc2 22. Qxb7 Rxb2 23. Rfe1 d5 24. Re3 Qh4 25. Rg3 Qf4 26. Rf1 Qxf5 27. Qc7 Qe6 28. Qc3 Qe5 29. Qe3 d4 30. Qa3 d3 31. f4 Qd4+ 32. Kh1 d2 33. Qe3 d1=Q 34. Rxd1 Qxd1+ 35. Qg1 Rb1 36. Qxd1 Rxd1# 0-1

[Event "DVM U10 2024"]
[Site "Duesseldorf"]
[Date "2024.12.27"]
[Round "2"]
[White "Riera Galmés, Lucia"]
[Black "Holzhäuser, Thibaut Lautaro"]
[Result "0-1"]
[ECO "C00"]
[WhiteElo "870"]
[BlackElo "955"]
[Annotator "NA RC"]
[PlyCount "56"]
[EventDate "2024.12.23"]
[EventType "team-tourn"]
[EventRounds "7"]
[EventCountry "GER"]
[SourceTitle "playchess.com"]
[Source "ChessBase"]
[SourceQuality "1"]
[TimeControl "3300+5"]

1. e4 e6 2. Nf3 d5 3. Nc3 d4 4. Nb1 Nc6 5. Bb5 Bd7 6. d3 h6 7. Bf4 Bc5 8. Bxc6 Bxc6 9. Be5 Nf6 10. c3 dxc3 11. Nxc3 Ng4 12. d4 Nxe5 13. Nxe5 Qxd4 14. Qxd4 Bxd4 15. O-O Bxe5 16. Rfd1 Bf6 17. h3 Bxc3 18. bxc3 Bxe4 19. Rac1 Rd8 20. Rxd8+ Kxd8 21. Rd1+ Ke7 22. Re1 Bc6 23. Kh2 Rd8 24. Re2 Rd3 25. Rc2 Ba4 26. Re2 Rxc3 27. Re4 b5 28. Rg4 g6 0-1

[Event "DVM U10 2024"]
[Site "Duesseldorf"]
[Date "2024.12.27"]
[Round "2"]
[White "Sengupta, Arjun"]
[Black "Luo, Milo"]
[Result "1-0"]
[ECO "B23"]
[WhiteElo "858"]
[BlackElo "1083"]
[Annotator "NA"]
[PlyCount "115"]
[EventDate "2024.12.23"]
[EventType "team-tourn"]
[EventRounds "7"]
[EventCountry "GER"]
[SourceTitle "playchess.com"]
[Source "ChessBase"]
[SourceQuality "1"]
[TimeControl "3300+5"]

1. e4 c5 2. Nc3 d6 3. Bb5+ Bd7 4. Bc4 Nf6 5. Nf3 g6 6. Ng5 e6 7. Nf3 Bg7 8. e5 dxe5 9. Nxe5 Nc6 10. Nxc6 Bxc6 11. O-O O-O 12. d3 Qd6 13. a3 Bd7 14. Bg5 Rfe8 15. Nb5 Qc6 16. Nc3 e5 17. Bxf6 Bxf6 18. Bb5 Qe6 19. Bxd7 Qxd7 20. h3 Bd8 21. Qf3 Rb8 22. Ne4 Re6 23. Nxc5 Qc6 24. Nxe6 Qxe6 25. Rae1 Bc7 26. d4 f6 27. c3 Qd6 28. Qg3 exd4 29. Qxd6 Bxd6 30. cxd4 Kf7 31. g4 f5 32. gxf5 gxf5 33. Kh1 Rg8 34. Rg1 Rd8 35. d5 Bc7 36. Kg2 Rxd5 37. Rc1 Bd6 38. Rcd1 Rxd1 39. Rxd1 Ke6 40. Re1+ Kf6 41. Re8 Kf7 42. Ra8 Bc5 43. b4 Bd4 44. Rb8 b6 45. Rb7+ Kg6 46. Rxa7 b5 47. Rb7 Bb2 48. Rxb5 Bxa3 49. Rb6+ Kg5 50. b5 Bc5 51. Rc6 Bb4 52. b6 Bd2 53. b7 Bf4 54. Rc8 Kf6 55. b8=Q Bxb8 56. Rxb8 Kg7 57. Rb6 h6 58. Kg3 1-0

[Event "DVM U10 2024"]
[Site "Duesseldorf"]
[Date "2024.12.27"]
[Round "2"]
[White "Möller, Lia Sofie"]
[Black "Wüstenberg, Felix"]
[Result "0-1"]
[ECO "D02"]
[WhiteElo "829"]
[BlackElo "975"]
[Annotator "NA RC"]
[PlyCount "25"]
[EventDate "2024.12.23"]
[EventType "team-tourn"]
[EventRounds "7"]
[EventCountry "GER"]
[SourceTitle "playchess.com"]
[Source "ChessBase"]
[SourceQuality "1"]
[TimeControl "3300+5"]

1. d4 d5 2. Bf4 Bf5 3. e3 Nf6 4. Nf3 Nc6 5. Bd3 Bg6 6. Nbd2 e6 7. h3 Bd6 8. Bh2 O-O 9. O-O Nb4 10. Nb3 Nxd3 11. cxd3 Bh5 12. Qc2 Qe7 13. Nbd2 0-1

[Event "DVM U10 2024"]
[Site "Duesseldorf"]
[Date "2024.12.27"]
[Round "2"]
[White "Schubert, Anton"]
[Black "Balla, Virinchi"]
[Result "0-1"]
[ECO "C50"]
[WhiteElo "824"]
[BlackElo "1123"]
[Annotator "NA RC"]
[PlyCount "24"]
[EventDate "2024.12.23"]
[EventType "team-tourn"]
[EventRounds "7"]
[EventCountry "GER"]
[SourceTitle "playchess.com"]
[Source "ChessBase"]
[SourceQuality "1"]
[TimeControl "3300+5"]

1. e4 e5 2. Nf3 Nc6 3. Bc4 Bc5 4. Ng5 Qxg5 5. d3 Qxg2 6. Rf1 Nf6 7. Nc3 Ng4 8. f3 Bf2+ 9. Ke2 Be3+ 10. Ke1 Bf2+ 11. Ke2 Bh4+ 12. Rf2 Qxf2# 0-1